MWL
WATERLOO HAWKS @ DECATUR COMMODORES
07/08/1982
 
TOP OF THE 1ST
Waterloo Hawks batting - Pitching for Decatur Commodores : LHP Mitch Williams
Pitching: LHP Mitch Williams
Batting: RHB Edward Irvine 0-0: Bunt for hit to 13S - play at first, batter OUT! 1-3
Batting: RHB Mark Sheehy 0-0: Called Strike
0-1: Ball
1-1: Ball
2-1: Swinging Strike
2-2: Ball
3-2: Foul Ball, location: 2F
3-2: Foul Ball, location: 2F
3-2: Base on Balls
Batting: RHB Carmelo Aguayo 0-0: Ball
1-0: Called Strike
1-1: Called Strike
1-2: Strikes out looking
Batting: RHB Jay Loviglio 0-0: Foul Ball, location: 2F
0-1: Swinging Strike
0-2: Fly out, F8 (Flyball, 78XD, EV 104.4 MPH)
Top of the 1st over - 0 runs, 0 hits, 0 errors, 1 left on base; Waterloo 0 - Decatur 0
BOTTOM OF THE 1ST
Decatur Commodores batting - Pitching for Waterloo Hawks : RHP John Franks
Pitching: RHP John Franks
Batting: LHB Alexis Marte 0-0: Called Strike
0-1: Ball
1-1: Foul Ball, location: 2F
1-2: Strikes out looking
Batting: SHB Roger Holt 0-0: Ball
1-0: Foul Ball, location: 2F
1-1: Called Strike
1-2: DOUBLE (Flyball, 78D, EV 100.0 MPH)
Batting: SHB Daniel Wieser 0-0: Foul Ball, location: 2F
0-1: Ball
1-1: Called Strike
1-2: Ball
2-2: Ground out U3 (Groundball, 3S, EV 68.8 MPH)
Roger Holt to third
Batting: LHB David Showalter 0-0: Called Strike
0-1: Ball
1-1: SINGLE (Line Drive, 8RS, EV 103.8 MPH)
Roger Holt scores
Batting: SHB Rondin Johnson 0-0: Called Strike
0-1: Foul Ball, location: 2F
0-2: Fly out, F9 (Line Drive, 9, EV 89.4 MPH)
Bottom of the 1st over - 1 run, 2 hits, 0 errors, 1 left on base; Waterloo 0 - Decatur 1
TOP OF THE 2ND
Waterloo Hawks batting - Pitching for Decatur Commodores : LHP Mitch Williams
Batting: LHB Burk Goldthorn 0-0: Foul Ball, location: 2F
0-1: Foul Ball, location: 2F
0-2: Fly out, F7 (Flyball, 7LM, EV 101.3 MPH)
Batting: RHB Juan Baez 0-0: Called Strike
0-1: Called Strike
0-2: Ball
1-2: Foul Ball, location: 2F
1-2: Strikes out swinging
Batting: RHB Michael Williams 0-0: Foul Ball, location: 2F
0-1: Ground out 6-3 (Groundball, 6, EV 82.5 MPH)
Top of the 2nd over - 0 runs, 0 hits, 0 errors, 0 left on base; Waterloo 0 - Decatur 1
BOTTOM OF THE 2ND
Decatur Commodores batting - Pitching for Waterloo Hawks : RHP John Franks
Batting: LHB Jerry Miller 0-0: Ground out 5-3 (Groundball, 56, EV 109.4 MPH)
Batting: RHB Clifton Wilder 0-0: SINGLE (Line Drive, 8RS, EV 105.0 MPH)
Batting: LHB Samuel Taves 0-0: Ball
1-0: Foul Ball, location: 2F
1-1: Ball
2-1: Ball
3-1: Base on Balls
Clifton Wilder to second
Batting: RHB Rex Farrior 0-0: Ball
Clifton Wilder is caught stealing 3rd base 2-5
1-0: Foul Ball, location: 2F
1-1: Reached via error on a dropped throw from 1B, E1 (Groundball, 34, EV 88.8 MPH)
Samuel Taves to second
Batting: LHB Alexis Marte 0-0: Called Strike
0-1: Swinging Strike
Passed Ball!
Samuel Taves to third
Rex Farrior to second
0-2: Strikes out swinging
Bottom of the 2nd over - 0 runs, 1 hit, 1 error, 2 left on base; Waterloo 0 - Decatur 1
TOP OF THE 3RD
Waterloo Hawks batting - Pitching for Decatur Commodores : LHP Mitch Williams
Batting: RHB Kean Rich 0-0: Called Strike
0-1: Ball
1-1: Ball
2-1: Called Strike
2-2: Strikes out swinging
Batting: RHB David Cusack 0-0: Fly out, F8 (Flyball, 89M, EV 88.1 MPH)
Batting: RHB Edward Irvine 0-0: Called Strike
0-1: Called Strike
0-2: Ball
1-2: Foul Ball, location: 2F
1-2: Strikes out swinging
Top of the 3rd over - 0 runs, 0 hits, 0 errors, 0 left on base; Waterloo 0 - Decatur 1
BOTTOM OF THE 3RD
Decatur Commodores batting - Pitching for Waterloo Hawks : RHP John Franks
Batting: SHB Roger Holt 0-0: Called Strike
0-1: Ball
1-1: Fly out, F5 (Popup, 6S, EV 80.6 MPH)
Batting: SHB Daniel Wieser 0-0: Ball
1-0: Ball
2-0: Fly out, F8 (Line Drive, 8RM, EV 106.9 MPH)
Batting: LHB David Showalter 0-0: Foul Ball, location: 2F
0-1: Fly out, F8 (Line Drive, 8RM, EV 93.8 MPH)
Bottom of the 3rd over - 0 runs, 0 hits, 0 errors, 0 left on base; Waterloo 0 - Decatur 1
TOP OF THE 4TH
Waterloo Hawks batting - Pitching for Decatur Commodores : LHP Mitch Williams
Batting: RHB Mark Sheehy 0-0: Ground out U3 (Groundball, 3, EV 83.8 MPH)
Batting: RHB Carmelo Aguayo 0-0: Single, Error in OF, E7, batter to second base (Groundball, 56D, EV 105.0 MPH)
Batting: RHB Jay Loviglio 0-0: Swinging Strike
0-1: Called Strike
0-2: Ground out 6-3 (Groundball, 56, EV 100.6 MPH)
Batting: LHB Burk Goldthorn 0-0: Foul Ball, location: 2F
0-1: Ball
1-1: SINGLE (Groundball, 34D, EV 109.4 MPH)
Carmelo Aguayo to third
Runner from 3rd tries for Home, SAFE, throw by RF to home
Batting: RHB Juan Baez 0-0: Called Strike
0-1: Ball
1-1: Swinging Strike
1-2: Strikes out swinging, 2-3 out at first.
Top of the 4th over - 1 run, 2 hits, 1 error, 1 left on base; Waterloo 1 - Decatur 1
BOTTOM OF THE 4TH
Decatur Commodores batting - Pitching for Waterloo Hawks : RHP John Franks
Batting: SHB Rondin Johnson 0-0: Ball
1-0: Called Strike
1-1: Ball
2-1: Ball
3-1: Ground out U3 (Groundball, 3, EV 90.6 MPH)
Batting: LHB Jerry Miller 0-0: Ball
1-0: Ground out 6-3 (Groundball, 6, EV 81.9 MPH)
Batting: RHB Clifton Wilder 0-0: Foul Ball, location: 2F
0-1: Called Strike
0-2: Ball
1-2: Ball
2-2: Foul Ball, location: 2F
2-2: Fly out, F8 (Flyball, 78XD, EV 87.5 MPH)
Bottom of the 4th over - 0 runs, 0 hits, 0 errors, 0 left on base; Waterloo 1 - Decatur 1
TOP OF THE 5TH
Waterloo Hawks batting - Pitching for Decatur Commodores : LHP Mitch Williams
Batting: RHB Michael Williams 0-0: Called Strike
0-1: Foul Ball, location: 2F
0-2: SINGLE (Groundball, 56D, EV 96.3 MPH)
Batting: RHB Kean Rich 0-0: Ball
1-0: Foul Ball, location: 2F
1-1: Swinging Strike
1-2: Ball
2-2: Ball
3-2: Fly out, F5 (Popup, 5L, EV 71.9 MPH)
Batting: RHB David Cusack 0-0: Ball
1-0: Swinging Strike
1-1: Called Strike
1-2: Foul Ball, location: 2F
1-2: Strikes out looking
Batting: RHB Edward Irvine 0-0: Fly out, F9 (Flyball, 89D, EV 105.6 MPH)
Top of the 5th over - 0 runs, 1 hit, 0 errors, 1 left on base; Waterloo 1 - Decatur 1
BOTTOM OF THE 5TH
Decatur Commodores batting - Pitching for Waterloo Hawks : RHP John Franks
Batting: LHB Samuel Taves 0-0: Called Strike
0-1: Foul Ball, location: 2F
0-2: Ball
1-2: Ground out U3 (Groundball, 34, EV 84.4 MPH)
Batting: RHB Rex Farrior 0-0: Fly out, F9 (Flyball, 9LM, EV 96.3 MPH)
Batting: LHB Alexis Marte 0-0: Foul Ball, location: 2F
0-1: Ball
1-1: Ball
2-1: Ball
3-1: Fly out, F8 (Flyball, 8RD, EV 85.0 MPH)
Bottom of the 5th over - 0 runs, 0 hits, 0 errors, 0 left on base; Waterloo 1 - Decatur 1
TOP OF THE 6TH
Waterloo Hawks batting - Pitching for Decatur Commodores : LHP Mitch Williams
Batting: RHB Mark Sheehy 0-0: Foul Ball, location: 2F
0-1: Fly out, F7 (Flyball, 7, EV 90.0 MPH)
Batting: RHB Carmelo Aguayo 0-0: Ball
1-0: Ball
2-0: Called Strike
2-1: Ball
3-1: Base on Balls
Batting: RHB Jay Loviglio 0-0: Ball
1-0: SINGLE (Groundball, 25, EV 71.3 MPH) (infield hit)
Carmelo Aguayo to second
Batting: LHB Burk Goldthorn 0-0: Ball
1-0: Ball
2-0: Ball
3-0: Called Strike
3-1: Called Strike
3-2: Foul Ball, location: 2F
3-2: Foul Ball, location: 2F
3-2: Strikes out looking
Batting: RHB Juan Baez 0-0: Ball
1-0: Ball
2-0: Swinging Strike
2-1: Foul Ball, location: 2F
2-2: SINGLE (Groundball, 6D, EV 94.4 MPH)
Carmelo Aguayo to third
Jay Loviglio to second
Runner from 3rd tries for Home, SAFE, throw by CF to home
Batting: RHB Michael Williams 0-0: Called Strike
0-1: Swinging Strike
0-2: Ball
1-2: Strikes out swinging
Top of the 6th over - 1 run, 2 hits, 0 errors, 2 left on base; Waterloo 2 - Decatur 1
BOTTOM OF THE 6TH
Decatur Commodores batting - Pitching for Waterloo Hawks : RHP John Franks
Batting: SHB Roger Holt 0-0: Called Strike
0-1: Called Strike
0-2: Foul Ball, location: 2F
0-2: Foul Ball, location: 2F
0-2: DOUBLE (Line Drive, 8RD, EV 103.8 MPH)
Batting: SHB Daniel Wieser 0-0: Called Strike
0-1: Foul Ball, location: 2F
0-2: Strikes out swinging
Batting: LHB David Showalter 0-0: Swinging Strike
0-1: Ball
1-1: Called Strike
1-2: Fly out, F4 (Popup, 34D, EV 59.4 MPH)
Batting: SHB Rondin Johnson 0-0: Called Strike
0-1: Ground out U3 (Groundball, 34, EV 108.1 MPH)
Bottom of the 6th over - 0 runs, 1 hit, 0 errors, 1 left on base; Waterloo 2 - Decatur 1
TOP OF THE 7TH
Waterloo Hawks batting - Pitching for Decatur Commodores : LHP Mitch Williams
Pitching: RHP William Martin
Batting: RHB Kean Rich 0-0: Called Strike
0-1: Fly out, F3 (Popup, 3F, EV 63.1 MPH)
Batting: RHB David Cusack 0-0: Called Strike
0-1: Foul Ball, location: 2F
0-2: SINGLE (Groundball, 25, EV 66.3 MPH) (infield hit)
Batting: RHB Edward Irvine 0-0: Ball
1-0: Ball
2-0: SINGLE (Groundball, 6S, EV 68.1 MPH) (infield hit)
David Cusack to second
Batting: RHB Mark Sheehy 0-0: Ball
1-0: Called Strike
1-1: Grounds into double play, 6-4-3 (Groundball, 6, EV 99.4 MPH)
Top of the 7th over - 0 runs, 2 hits, 0 errors, 1 left on base; Waterloo 2 - Decatur 1
BOTTOM OF THE 7TH
Decatur Commodores batting - Pitching for Waterloo Hawks : RHP John Franks
Batting: LHB Jerry Miller 0-0: Ground out 1-3 (Groundball, 13S, EV 71.9 MPH)
Batting: RHB Clifton Wilder 0-0: Called Strike
0-1: Ball
1-1: Ball
2-1: Ball
3-1: Base on Balls
Batting: LHB Samuel Taves 0-0: Ball
1-0: Ball
2-0: Swinging Strike
2-1: Ball
3-1: Base on Balls
Clifton Wilder to second
Batting: RHB Rex Farrior 0-0: Called Strike
0-1: Called Strike
0-2: Foul Ball, location: 2F
0-2: Ball
1-2: Foul Ball, location: 2F
1-2: Ground out 6-3 (Groundball, 6S, EV 70.0 MPH)
Clifton Wilder to third
Samuel Taves to second
Batting: LHB Alexis Marte 0-0: Called Strike
0-1: Ball
1-1: Foul Ball, location: 2F
1-2: Foul Ball, location: 2F
1-2: Foul Ball, location: 2F
1-2: Strikes out swinging
Bottom of the 7th over - 0 runs, 0 hits, 0 errors, 2 left on base; Waterloo 2 - Decatur 1
TOP OF THE 8TH
Waterloo Hawks batting - Pitching for Decatur Commodores : RHP William Martin
Batting: RHB Carmelo Aguayo 0-0: Ground out 6-3 (Groundball, 6, EV 89.4 MPH)
Batting: RHB Jay Loviglio 0-0: Ball
1-0: Ground out 5-3 (Groundball, 5, EV 88.8 MPH)
Batting: LHB Burk Goldthorn 0-0: Ball
1-0: Ground out 4-3 (Groundball, 4M, EV 85.0 MPH)
Top of the 8th over - 0 runs, 0 hits, 0 errors, 0 left on base; Waterloo 2 - Decatur 1
BOTTOM OF THE 8TH
Decatur Commodores batting - Pitching for Waterloo Hawks : RHP John Franks
Batting: SHB Roger Holt 0-0: Ball
1-0: Called Strike
1-1: Swinging Strike
1-2: Ball
2-2: Strikes out looking
Batting: SHB Daniel Wieser 0-0: Ball
1-0: Foul Ball, location: 2F
1-1: Ball
2-1: Ball
3-1: Base on Balls
Batting: LHB David Showalter 0-0: Called Strike
0-1: Ball
1-1: Foul Ball, location: 2F
1-2: Ball
2-2: Ball
3-2: Strikes out swinging
Batting: SHB Rondin Johnson 0-0: Ball
1-0: Ball
2-0: Called Strike
2-1: Ball
3-1: Base on Balls
Daniel Wieser to second
Batting: LHB Jerry Miller 0-0: Foul Ball, location: 2F
0-1: Ball
1-1: Foul Ball, location: 2F
1-2: Strikes out swinging
Bottom of the 8th over - 0 runs, 0 hits, 0 errors, 2 left on base; Waterloo 2 - Decatur 1
TOP OF THE 9TH
Waterloo Hawks batting - Pitching for Decatur Commodores : RHP William Martin
Batting: RHB Juan Baez 0-0: Ball
1-0: Swinging Strike
1-1: Ball
2-1: Ball
3-1: Foul Ball, location: 2F
3-2: Foul Ball, location: 2F
3-2: Base on Balls
Batting: RHB Michael Williams 0-0: Ball
1-0: 2-RUN HOME RUN (Line Drive, 89XD, EV 99.4 MPH), Distance : 408 ft
Batting: RHB Kean Rich 0-0: Called Strike
0-1: Foul Ball, location: 2F
0-2: Ball
1-2: Fly out, F7 (Line Drive, 7, EV 105.0 MPH)
Batting: RHB David Cusack 0-0: Ball
1-0: Foul Ball, location: 2F
1-1: SINGLE (Groundball, 4MD, EV 96.9 MPH)
Pitching: LHP James Oates
Batting: RHB Edward Irvine 0-0: Ball
1-0: Ball
2-0: Called Strike
2-1: Fly out, F9 (Flyball, 9, EV 78.8 MPH)
Batting: RHB Mark Sheehy 0-0: Ball
1-0: Foul Ball, location: 2F
1-1: Fly out, F5 (Popup, 6S, EV 71.3 MPH)
Top of the 9th over - 2 runs, 2 hits, 0 errors, 1 left on base; Waterloo 4 - Decatur 1
BOTTOM OF THE 9TH
Decatur Commodores batting - Pitching for Waterloo Hawks : RHP John Franks
Batting: RHB Clifton Wilder 0-0: Ball
1-0: Foul Ball, location: 2F
1-1: SINGLE (Flyball, 34D, EV 85.6 MPH)
Batting: LHB Samuel Taves 0-0: Called Strike
0-1: Ball
1-1: Fielders Choice at 2nd, 4-6 (Groundball, 4MS, EV 90.6 MPH)
Batting: RHB Rex Farrior 0-0: Ball
1-0: Fly out, F2 (Popup, 2RF, EV 74.4 MPH)
Batting: LHB Alexis Marte 0-0: Called Strike
0-1: Ball
1-1: Ground out 4-3 (Groundball, 4, EV 83.8 MPH)
Bottom of the 9th over - 0 runs, 1 hit, 0 errors, 1 left on base; Waterloo 4 - Decatur 1
Thursday, August 13th, 2020 - OOTP Baseball 21.5 Build 76